[ AOE2 MATCH · #489024420 ]
UnrankedMalians vs Cumans
[ REPLAY ANALYSIS · EXTRACTED FROM THE RECORDED GAME ]
Feudal
9:17
Castle
—
Imperial
—
| APM avg | 50.5 |
| APM peak | 119 |
| eAPM avg | 26.8 |
| Villagers / military | 77 / 20 |
Focus
⚔️ 31.0% · 🌾 69.0%
Scout Cavalry ×18 · Spearman ×2
Feudal
8:56
Castle
25:49
Imperial
—
| APM avg | 43.9 |
| APM peak | 90 |
| eAPM avg | 17.8 |
| Villagers / military | 76 / 55 |
Focus
⚔️ 47.1% · 🌾 52.9%
Archer ×43 · Unknown (1952) ×34 · Unknown (1944) ×14 · Scout Cavalry ×10 · Battering Ram ×2
Feudal
9:53
Castle
—
Imperial
—
| APM avg | 27.0 |
| APM peak | 80 |
| eAPM avg | 15.6 |
| Villagers / military | 69 / 51 |
Focus
⚔️ 28.7% · 🌾 71.3%
Skirmisher ×24 · Spearman ×12 · Battering Ram ×12 · Archer ×3
Feudal
10:09
Castle
24:08
Imperial
—
| APM avg | 23.3 |
| APM peak | 42 |
| eAPM avg | 13.7 |
| Villagers / military | 57 / 68 |
Focus
⚔️ 31.2% · 🌾 68.8%
Militia ×66 · Spearman ×2
Match map
Initial resources + every placement click. Lines = walls · curves = elevation contours. ◆ gold · ⬟ stone · ● berries · ✦ relic · ◌ wall gap
Your base· ✓ Closed at 12:00 · 4t walls · 1 gate(s)
LMG_Leonardo's base· ✓ Closed at 25:49 · 16t walls · 1 gate(s)
[YOBA]Ermak's base· ✓ Closed at 12:00 · 6t walls · 1 gate(s)
[YOBA] ♂️CUM♂️BACK's base· Open — 1t gap
Smoothed initial terrain · ◌ = detected wall gap · hover for details
Inputs per minute
— LMG_HERA DE TEMU - - LMG_Leonardo
Build order — LMG_HERA DE TEMU
First 150 of 163 actions detected
| 0:02 | Create | Villager (Male) |
| 0:02 | Create | Villager (Male) |
| 0:03 | Create | Villager (Male) |
| 0:03 | Create | Villager (Male) |
| 0:03 | Create | Villager (Male) |
| 0:04 | Build | House |
| 0:05 | Build | House |
| 1:35 | Create | Villager (Male) |
| 1:35 | Create | Villager (Male) |
| 1:36 | Create | Villager (Male) |
| 2:05 | Create | Villager (Male) |
| 2:05 | Create | Villager (Male) |
| 2:05 | Create | Villager (Male) |
| 2:14 | Build | Lumber Camp |
| 2:51 | Create | Villager (Male) |
| 2:51 | Create | Villager (Male) |
| 2:56 | Create | Villager (Male) |
| 2:56 | Create | Villager (Male) |
| 2:56 | Create | Villager (Male) |
| 2:56 | Create | Villager (Male) |
| 3:25 | Create | Villager (Male) |
| 3:25 | Create | Villager (Male) |
| 3:25 | Create | Villager (Male) |
| 3:40 | Build | House |
| 3:58 | Create | Villager (Male) |
| 3:58 | Create | Villager (Male) |
| 3:58 | Create | Villager (Male) |
| 4:10 | Build | House |
| 4:47 | Create | Villager (Male) |
| 4:47 | Create | Villager (Male) |
| 5:08 | Build | Mill |
| 5:24 | Build | Palisade Gate |
| 5:36 | Create | Villager (Male) |
| 5:37 | Research | Loom |
| 5:57 | Build | Palisade Wall |
| 6:55 | Research | Feudal Age |
| 6:56 | Research | Feudal Age |
| 6:56 | Research | Feudal Age |
| 7:22 | Build | House |
| 7:24 | Build | House |
| 7:56 | Create | Villager (Male) |
| 7:57 | Create | Villager (Male) |
| 8:25 | Build | Barracks |
| 8:31 | Build | Barracks |
| 8:49 | Create | Villager (Male) |
| 9:17 | Age | Feudal Age |
| 9:28 | Build | Stable |
| 9:35 | Research | Double-Bit Axe |
| 9:43 | Build | Farm |
| 9:49 | Build | Farm |
| 9:58 | Build | House |
| 9:59 | Build | House |
| 10:17 | Create | Scout Cavalry |
| 10:17 | Create | Scout Cavalry |
| 10:18 | Create | Scout Cavalry |
| 10:28 | Build | Farm |
| 10:30 | Build | Farm |
| 10:39 | Create | Villager (Male) |
| 10:39 | Create | Villager (Male) |
| 10:39 | Create | Villager (Male) |
| 10:49 | Build | Farm |
| 11:34 | Create | Villager (Male) |
| 11:34 | Create | Villager (Male) |
| 11:34 | Create | Villager (Male) |
| 11:37 | Build | Farm |
| 11:38 | Build | Farm |
| 11:43 | Build | Farm |
| 11:47 | Build | Farm |
| 12:35 | Create | Scout Cavalry |
| 12:35 | Create | Scout Cavalry |
| 12:35 | Create | Scout Cavalry |
| 12:43 | Create | Villager (Male) |
| 12:43 | Create | Villager (Male) |
| 12:44 | Create | Villager (Male) |
| 12:45 | Build | Farm |
| 13:45 | Build | Stone Wall |
| 14:00 | Build | Gate |
| 14:00 | Create | Villager (Male) |
| 14:01 | Create | Villager (Male) |
| 14:01 | Create | Villager (Male) |
| 14:02 | Create | Villager (Male) |
| 14:06 | Build | Mining Camp |
| 14:08 | Create | Villager (Male) |
| 14:08 | Create | Villager (Male) |
| 14:08 | Create | Villager (Male) |
| 14:37 | Create | Villager (Male) |
| 14:37 | Create | Villager (Male) |
| 14:39 | Build | House |
| 14:41 | Build | House |
| 14:43 | Build | House |
| 14:46 | Build | House |
| 15:45 | Build | Watch Tower |
| 16:14 | Create | Spearman |
| 16:14 | Create | Spearman |
| 16:35 | Build | Stone Wall |
| 16:51 | Create | Villager (Male) |
| 16:51 | Create | Villager (Male) |
| 16:51 | Create | Villager (Male) |
| 16:57 | Build | Watch Tower |
| 17:11 | Create | Villager (Male) |
| 17:12 | Create | Villager (Male) |
| 17:19 | Build | Market |
| 17:26 | Build | Stable |
| 17:42 | Build | Blacksmith |
| 17:56 | Create | Villager (Male) |
| 17:56 | Create | Villager (Male) |
| 17:56 | Create | Villager (Male) |
| 18:16 | Build | Watch Tower |
| 18:28 | Research | Fletching |
| 18:41 | Build | House |
| 19:41 | Create | Villager (Male) |
| 19:41 | Create | Villager (Male) |
| 19:42 | Create | Scout Cavalry |
| 19:42 | Create | Scout Cavalry |
| 19:43 | Create | Scout Cavalry |
| 19:43 | Create | Scout Cavalry |
| 19:50 | Build | House |
| 19:52 | Build | House |
| 19:54 | Build | House |
| 20:28 | Build | House |
| 20:30 | Build | House |
| 21:14 | Build | House |
| 21:19 | Build | Farm |
| 21:27 | Create | Villager (Male) |
| 21:27 | Create | Villager (Male) |
| 21:43 | Build | Watch Tower |
| 21:56 | Create | Scout Cavalry |
| 21:56 | Create | Scout Cavalry |
| 22:48 | Create | Villager (Male) |
| 22:48 | Create | Villager (Male) |
| 22:48 | Create | Villager (Male) |
| 22:48 | Create | Villager (Male) |
| 23:14 | Create | Scout Cavalry |
| 23:15 | Create | Scout Cavalry |
| 23:15 | Create | Scout Cavalry |
| 23:34 | Build | House |
| 23:53 | Research | Scale Barding Armor |
| 24:24 | Create | Scout Cavalry |
| 24:25 | Create | Scout Cavalry |
| 24:25 | Create | Scout Cavalry |
| 24:38 | Create | Villager (Male) |
| 24:38 | Create | Villager (Male) |
| 24:38 | Create | Villager (Male) |
| 24:38 | Create | Villager (Male) |
| 25:17 | Build | Watch Tower |
| 25:50 | Research | Bloodlines |
| 26:06 | Build | Watch Tower |
| 26:08 | Create | Villager (Male) |
| 26:09 | Create | Villager (Male) |
| 26:09 | Create | Villager (Male) |
Build order — LMG_Leonardo
First 150 of 260 actions detected
| 0:01 | Create | Villager (Male) |
| 0:01 | Create | Villager (Male) |
| 0:01 | Create | Villager (Male) |
| 0:02 | Create | Villager (Male) |
| 0:02 | Build | House |
| 0:04 | Build | House |
| 1:26 | Create | Villager (Male) |
| 1:26 | Create | Villager (Male) |
| 1:46 | Build | Lumber Camp |
| 1:50 | Create | Villager (Male) |
| 1:50 | Create | Villager (Male) |
| 2:00 | Create | Villager (Male) |
| 2:47 | Create | Villager (Male) |
| 2:47 | Create | Villager (Male) |
| 3:29 | Build | House |
| 3:32 | Build | House |
| 3:45 | Create | Villager (Male) |
| 3:46 | Create | Villager (Male) |
| 3:46 | Create | Villager (Male) |
| 3:46 | Create | Villager (Male) |
| 4:20 | Build | Palisade Wall |
| 5:00 | Create | Villager (Male) |
| 5:01 | Create | Villager (Male) |
| 5:35 | Build | Mill |
| 5:40 | Research | Loom |
| 6:14 | Create | Villager (Male) |
| 6:29 | Build | House |
| 6:46 | Research | Feudal Age |
| 6:46 | Research | Feudal Age |
| 7:38 | Build | Palisade Wall |
| 7:53 | Create | Villager (Male) |
| 7:53 | Create | Villager (Male) |
| 8:20 | Build | Mining Camp |
| 8:34 | Create | Villager (Male) |
| 8:56 | Age | Feudal Age |
| 8:58 | Build | Barracks |
| 9:04 | Research | Double-Bit Axe |
| 9:13 | Create | Villager (Male) |
| 9:27 | Build | Palisade Gate |
| 10:08 | Build | Archery Range |
| 10:37 | Create | Villager (Male) |
| 10:37 | Create | Villager (Male) |
| 10:38 | Create | Villager (Male) |
| 10:53 | Create | Villager (Male) |
| 10:58 | Build | Farm |
| 10:59 | Build | Farm |
| 11:09 | Build | Blacksmith |
| 11:13 | Create | Archer |
| 11:14 | Create | Archer |
| 11:31 | Create | Villager (Male) |
| 11:48 | Build | House |
| 11:49 | Build | House |
| 12:05 | Create | Villager (Male) |
| 12:12 | Build | Archery Range |
| 12:21 | Create | Archer |
| 12:21 | Create | Archer |
| 12:22 | Create | Archer |
| 12:47 | Create | Villager (Male) |
| 12:48 | Create | Villager (Male) |
| 12:56 | Create | Archer |
| 12:57 | Create | Archer |
| 12:57 | Create | Archer |
| 12:57 | Create | Archer |
| 12:57 | Create | Archer |
| 12:58 | Create | Archer |
| 13:01 | Create | Archer |
| 13:01 | Create | Archer |
| 13:01 | Create | Archer |
| 13:14 | Build | Farm |
| 13:24 | Create | Villager (Male) |
| 13:52 | Create | Archer |
| 13:52 | Create | Archer |
| 13:53 | Create | Archer |
| 13:54 | Create | Villager (Male) |
| 14:00 | Build | Farm |
| 14:12 | Research | Fletching |
| 14:18 | Build | House |
| 14:19 | Build | House |
| 14:45 | Create | Villager (Male) |
| 14:45 | Create | Villager (Male) |
| 15:01 | Create | Villager (Male) |
| 15:01 | Create | Villager (Male) |
| 15:03 | Create | Archer |
| 15:03 | Create | Archer |
| 15:03 | Create | Archer |
| 15:34 | Create | Villager (Male) |
| 15:34 | Create | Villager (Male) |
| 16:18 | Create | Archer |
| 16:19 | Create | Archer |
| 16:19 | Create | Archer |
| 16:19 | Create | Archer |
| 16:34 | Create | Villager (Male) |
| 16:34 | Create | Villager (Male) |
| 16:34 | Create | Villager (Male) |
| 16:41 | Build | Farm |
| 16:41 | Build | Farm |
| 16:42 | Build | Farm |
| 16:42 | Build | Farm |
| 16:42 | Build | Farm |
| 16:42 | Build | Farm |
| 16:43 | Build | Farm |
| 16:43 | Build | Farm |
| 16:43 | Build | Farm |
| 17:08 | Create | Archer |
| 17:08 | Create | Archer |
| 17:08 | Create | Archer |
| 17:23 | Research | Padded Archer Armor |
| 17:24 | Create | Archer |
| 17:24 | Create | Archer |
| 17:54 | Build | House |
| 17:55 | Build | House |
| 17:56 | Build | House |
| 17:56 | Build | House |
| 17:56 | Build | House |
| 17:57 | Build | House |
| 18:00 | Research | Horse Collar |
| 18:08 | Research | Wheelbarrow |
| 18:09 | Create | Villager (Male) |
| 18:10 | Create | Villager (Male) |
| 18:10 | Create | Villager (Male) |
| 18:33 | Create | Villager (Male) |
| 18:33 | Create | Villager (Male) |
| 18:34 | Create | Villager (Male) |
| 18:34 | Create | Villager (Male) |
| 18:36 | Create | Archer |
| 18:36 | Create | Archer |
| 18:36 | Create | Archer |
| 18:37 | Create | Archer |
| 19:06 | Create | Villager (Male) |
| 19:06 | Create | Villager (Male) |
| 19:06 | Create | Villager (Male) |
| 19:09 | Create | Archer |
| 19:09 | Create | Archer |
| 19:13 | Create | Villager (Male) |
| 19:13 | Create | Villager (Male) |
| 19:13 | Create | Villager (Male) |
| 19:21 | Create | Archer |
| 19:21 | Create | Archer |
| 19:22 | Create | Archer |
| 19:40 | Build | Stable |
| 19:50 | Research | Scale Barding Armor |
| 20:05 | Create | Villager (Male) |
| 20:06 | Create | Villager (Male) |
| 20:16 | Create | Villager (Male) |
| 20:18 | Create | Archer |
| 20:19 | Create | Archer |
| 20:19 | Create | Archer |
| 20:33 | Build | Lumber Camp |
| 20:42 | Create | Scout Cavalry |
| 20:42 | Create | Scout Cavalry |
Build order — [YOBA]Ermak
First 150 of 213 actions detected
| 0:03 | Build | House |
| 0:04 | Create | Villager (Male) |
| 0:05 | Create | Villager (Male) |
| 0:05 | Create | Villager (Male) |
| 0:05 | Create | Villager (Male) |
| 0:06 | Create | Villager (Male) |
| 0:07 | Build | House |
| 1:43 | Create | Villager (Male) |
| 2:06 | Research | Loom |
| 2:36 | Create | Villager (Male) |
| 2:36 | Create | Villager (Male) |
| 2:36 | Create | Villager (Male) |
| 3:05 | Build | House |
| 3:33 | Create | Villager (Male) |
| 3:33 | Create | Villager (Male) |
| 3:34 | Create | Villager (Male) |
| 3:41 | Build | Lumber Camp |
| 3:50 | Build | Palisade Wall |
| 4:10 | Build | House |
| 4:17 | Build | Palisade Gate |
| 4:24 | Build | Palisade Wall |
| 4:44 | Create | Villager (Male) |
| 5:04 | Create | Villager (Male) |
| 5:20 | Create | Villager (Male) |
| 5:42 | Create | Villager (Male) |
| 6:08 | Create | Villager (Male) |
| 6:23 | Create | Villager (Male) |
| 6:34 | Build | Mill |
| 6:35 | Create | Villager (Male) |
| 6:45 | Create | Villager (Male) |
| 7:34 | Research | Feudal Age |
| 8:02 | Build | Mining Camp |
| 8:16 | Create | Villager (Male) |
| 9:43 | Build | House |
| 9:53 | Age | Feudal Age |
| 9:55 | Build | Blacksmith |
| 10:03 | Research | Double-Bit Axe |
| 10:05 | Create | Villager (Male) |
| 10:27 | Create | Villager (Male) |
| 11:07 | Create | Villager (Male) |
| 11:22 | Build | Siege Workshop |
| 11:25 | Create | Villager (Male) |
| 11:38 | Build | Siege Workshop |
| 11:43 | Build | Palisade Wall |
| 11:44 | Build | Palisade Wall |
| 11:46 | Build | Palisade Wall |
| 11:49 | Build | Palisade Wall |
| 11:59 | Create | Villager (Male) |
| 11:59 | Create | Villager (Male) |
| 12:20 | Create | Battering Ram |
| 12:21 | Create | Battering Ram |
| 12:31 | Build | Barracks |
| 12:37 | Create | Villager (Male) |
| 12:59 | Create | Villager (Male) |
| 13:04 | Build | House |
| 13:05 | Build | House |
| 13:22 | Build | Archery Range |
| 13:30 | Create | Villager (Male) |
| 13:36 | Create | Battering Ram |
| 13:51 | Create | Spearman |
| 13:52 | Create | Spearman |
| 14:24 | Create | Archer |
| 14:24 | Create | Archer |
| 14:26 | Create | Villager (Male) |
| 14:33 | Create | Skirmisher |
| 15:01 | Build | Watch Tower |
| 15:15 | Create | Spearman |
| 15:17 | Create | Skirmisher |
| 15:18 | Create | Villager (Male) |
| 15:19 | Create | Villager (Male) |
| 15:39 | Create | Battering Ram |
| 15:39 | Create | Battering Ram |
| 16:12 | Create | Villager (Male) |
| 16:13 | Create | Villager (Male) |
| 16:18 | Create | Battering Ram |
| 16:21 | Create | Skirmisher |
| 16:43 | Create | Spearman |
| 16:44 | Create | Skirmisher |
| 16:53 | Build | House |
| 17:26 | Create | Villager (Male) |
| 17:26 | Create | Villager (Male) |
| 17:31 | Build | Mining Camp |
| 17:37 | Create | Villager (Male) |
| 17:42 | Create | Battering Ram |
| 18:12 | Create | Spearman |
| 18:14 | Create | Skirmisher |
| 18:42 | Research | Fletching |
| 18:45 | Build | House |
| 18:50 | Build | Farm |
| 18:50 | Build | Farm |
| 18:50 | Build | Farm |
| 18:51 | Build | Farm |
| 18:51 | Build | Farm |
| 18:51 | Build | Farm |
| 18:51 | Build | Farm |
| 18:51 | Build | Farm |
| 18:52 | Build | Farm |
| 18:52 | Build | Farm |
| 18:52 | Build | Farm |
| 18:52 | Build | Farm |
| 18:53 | Build | Farm |
| 18:53 | Build | Farm |
| 18:53 | Build | Farm |
| 19:40 | Create | Archer |
| 19:42 | Build | House |
| 19:59 | Build | House |
| 20:01 | Build | Palisade Wall |
| 20:06 | Build | Palisade Wall |
| 20:12 | Create | Villager (Male) |
| 20:37 | Build | Town Center |
| 21:02 | Create | Villager (Male) |
| 21:32 | Create | Battering Ram |
| 21:46 | Research | Horse Collar |
| 22:36 | Build | Farm |
| 22:40 | Build | Farm |
| 22:42 | Build | Farm |
| 22:47 | Build | Farm |
| 22:50 | Build | Farm |
| 22:53 | Build | Palisade Wall |
| 22:56 | Build | Farm |
| 23:01 | Build | Farm |
| 23:05 | Build | Farm |
| 23:07 | Build | Farm |
| 23:09 | Create | Villager (Male) |
| 23:13 | Build | Farm |
| 23:44 | Build | Market |
| 23:49 | Create | Villager (Male) |
| 23:55 | Create | Spearman |
| 24:21 | Build | Farm |
| 24:22 | Build | Farm |
| 24:23 | Create | Villager (Male) |
| 24:35 | Build | House |
| 24:38 | Build | Palisade Wall |
| 24:51 | Create | Villager (Male) |
| 25:05 | Create | Battering Ram |
| 25:08 | Create | Skirmisher |
| 25:08 | Create | Skirmisher |
| 25:15 | Build | Farm |
| 25:16 | Create | Villager (Male) |
| 25:18 | Create | Villager (Male) |
| 25:31 | Build | Farm |
| 25:36 | Create | Villager (Male) |
| 25:39 | Create | Skirmisher |
| 25:49 | Create | Spearman |
| 25:52 | Build | Farm |
| 25:55 | Build | Farm |
| 26:09 | Create | Battering Ram |
| 26:10 | Create | Spearman |
| 26:11 | Create | Skirmisher |
| 26:21 | Build | Lumber Camp |
Build order — [YOBA] ♂️CUM♂️BACK
First 150 of 204 actions detected
| 0:01 | Create | Villager (Male) |
| 0:01 | Create | Villager (Male) |
| 0:05 | Build | House |
| 0:09 | Build | House |
| 0:40 | Create | Villager (Male) |
| 0:41 | Create | Villager (Male) |
| 1:33 | Create | Villager (Male) |
| 2:04 | Build | Palisade Wall |
| 2:05 | Create | Villager (Male) |
| 2:17 | Build | Palisade Gate |
| 2:26 | Build | Palisade Wall |
| 2:34 | Create | Villager (Male) |
| 3:00 | Research | Loom |
| 3:01 | Create | Villager (Male) |
| 3:20 | Build | Mule Cart |
| 3:32 | Create | Villager (Male) |
| 3:59 | Create | Villager (Male) |
| 4:28 | Create | Villager (Male) |
| 4:41 | Build | House |
| 5:08 | Create | Villager (Male) |
| 5:20 | Create | Villager (Male) |
| 5:34 | Create | Villager (Male) |
| 6:01 | Create | Villager (Male) |
| 6:11 | Build | Mill |
| 6:14 | Create | Villager (Male) |
| 6:38 | Build | House |
| 6:42 | Create | Villager (Male) |
| 7:59 | Research | Feudal Age |
| 9:03 | Build | Barracks |
| 9:15 | Create | Villager (Male) |
| 9:27 | Build | House |
| 9:29 | Build | House |
| 9:51 | Create | Militia |
| 9:51 | Create | Militia |
| 9:52 | Create | Militia |
| 10:09 | Age | Feudal Age |
| 10:21 | Create | Villager (Male) |
| 10:29 | Create | Villager (Male) |
| 10:45 | Build | Mule Cart |
| 11:02 | Research | Man-at-Arms (upgrade) |
| 11:03 | Create | Militia |
| 11:17 | Create | Villager (Male) |
| 11:17 | Create | Villager (Male) |
| 11:53 | Create | Villager (Male) |
| 12:02 | Build | Mule Cart |
| 12:06 | Build | House |
| 12:07 | Build | House |
| 12:17 | Research | Long Swordsman (upgrade) |
| 12:17 | Create | Militia |
| 12:19 | Create | Villager (Male) |
| 12:20 | Create | Villager (Male) |
| 12:48 | Build | House |
| 13:23 | Research | Horse Collar |
| 13:28 | Create | Militia |
| 13:28 | Create | Militia |
| 13:50 | Create | Spearman |
| 14:07 | Create | Spearman |
| 14:55 | Create | Villager (Male) |
| 14:55 | Create | Villager (Male) |
| 14:56 | Create | Villager (Male) |
| 14:56 | Create | Villager (Male) |
| 15:08 | Build | Farm |
| 15:10 | Build | Farm |
| 15:11 | Build | Farm |
| 15:12 | Build | Farm |
| 15:14 | Build | Farm |
| 15:58 | Create | Villager (Male) |
| 15:58 | Create | Villager (Male) |
| 15:59 | Create | Militia |
| 16:18 | Build | Farm |
| 16:19 | Build | Farm |
| 16:26 | Build | Farm |
| 16:27 | Build | Farm |
| 16:30 | Build | Farm |
| 16:31 | Create | Villager (Male) |
| 17:08 | Create | Militia |
| 17:08 | Create | Militia |
| 17:09 | Create | Villager (Male) |
| 17:12 | Build | Farm |
| 17:22 | Build | Farm |
| 17:28 | Build | Farm |
| 17:30 | Build | Farm |
| 17:36 | Research | Double-Bit Axe |
| 17:46 | Build | Farm |
| 17:52 | Create | Militia |
| 18:24 | Create | Militia |
| 18:24 | Create | Militia |
| 18:25 | Create | Villager (Male) |
| 18:25 | Create | Villager (Male) |
| 18:36 | Build | Farm |
| 20:07 | Create | Villager (Male) |
| 20:07 | Create | Villager (Male) |
| 20:18 | Build | Market |
| 20:27 | Build | Blacksmith |
| 20:33 | Create | Villager (Male) |
| 20:41 | Create | Militia |
| 21:28 | Research | Castle Age |
| 21:30 | Create | Militia |
| 21:31 | Create | Militia |
| 22:01 | Create | Militia |
| 22:01 | Create | Militia |
| 22:13 | Research | Scale Mail Armor |
| 22:20 | Build | Barracks |
| 22:38 | Create | Villager (Male) |
| 22:51 | Build | House |
| 22:52 | Build | House |
| 22:53 | Build | House |
| 22:54 | Build | House |
| 22:54 | Build | House |
| 22:55 | Build | House |
| 22:56 | Build | House |
| 23:05 | Build | Farm |
| 23:06 | Build | Farm |
| 23:13 | Build | Barracks |
| 23:52 | Create | Militia |
| 23:52 | Create | Militia |
| 23:54 | Create | Militia |
| 24:08 | Age | Castle Age |
| 24:13 | Research | Two-Handed Swordsman (upgrade) |
| 24:32 | Create | Militia |
| 24:33 | Create | Militia |
| 24:41 | Research | Gold Mining |
| 24:41 | Research | Bow Saw |
| 24:45 | Research | Heavy Plow |
| 24:47 | Create | Villager (Male) |
| 24:53 | Build | Farm |
| 24:55 | Create | Villager (Male) |
| 24:59 | Create | Militia |
| 25:11 | Research | Gambesons |
| 25:47 | Create | Militia |
| 25:47 | Create | Militia |
| 25:47 | Create | Militia |
| 25:58 | Create | Militia |
| 25:58 | Create | Militia |
| 26:01 | Create | Villager (Male) |
| 26:06 | Create | Villager (Male) |
| 26:22 | Build | Farm |
| 26:27 | Build | Farm |
| 26:31 | Create | Villager (Male) |
| 26:32 | Create | Militia |
| 26:32 | Create | Militia |
| 26:37 | Create | Militia |
| 27:12 | Research | Chain Mail Armor |
| 27:14 | Create | Militia |
| 27:39 | Create | Militia |
| 27:39 | Create | Militia |
| 27:39 | Create | Militia |
| 28:02 | Create | Militia |
| 28:02 | Create | Militia |
| 28:02 | Create | Militia |
Match timeline
| 2:04 | [YOBA] ♂️CUM♂️BACK · wall_segment Palisade Wall x5 |
| 2:26 | [YOBA] ♂️CUM♂️BACK · wall_segment Palisade Wall x3 |
| 3:50 | [YOBA]Ermak · wall_segment Palisade Wall x1 |
| 4:20 | LMG_Leonardo · wall_segment Palisade Wall x9 |
| 4:24 | [YOBA]Ermak · wall_segment Palisade Wall x1 |
| 5:57 | LMG_HERA DE TEMU · wall_segment Palisade Wall x4 |
| 7:38 | LMG_Leonardo · wall_segment Palisade Wall x8 |
| 8:25 | LMG_HERA DE TEMU · first_building Barracks |
| 8:56 | LMG_Leonardo · age_up feudal |
| 8:58 | LMG_Leonardo · first_building Barracks |
| 9:03 | [YOBA] ♂️CUM♂️BACK · first_building Barracks |
| 9:17 | LMG_HERA DE TEMU · age_up feudal |
| 9:28 | LMG_HERA DE TEMU · first_building Stable |
| 9:53 | [YOBA]Ermak · age_up feudal |
| 10:08 | LMG_Leonardo · first_building Archery Range |
| 10:09 | [YOBA] ♂️CUM♂️BACK · age_up feudal |
| 11:22 | [YOBA]Ermak · first_building Siege Workshop |
| 11:43 | [YOBA]Ermak · wall_segment Palisade Wall x1 |
| 11:44 | [YOBA]Ermak · wall_segment Palisade Wall x1 |
| 11:46 | [YOBA]Ermak · wall_segment Palisade Wall x1 |
| 11:49 | [YOBA]Ermak · wall_segment Palisade Wall x1 |
| 12:31 | [YOBA]Ermak · first_building Barracks |
| 13:22 | [YOBA]Ermak · first_building Archery Range |
| 13:45 | LMG_HERA DE TEMU · wall_segment Stone Wall x4 |
| 16:35 | LMG_HERA DE TEMU · wall_segment Stone Wall x2 |
| 18:25 | LMG_HERA DE TEMU · first_market_sell 100 wood |
| 18:27 | LMG_HERA DE TEMU · first_market_buy 100 food |
| 19:40 | LMG_Leonardo · first_building Stable |
| 20:01 | [YOBA]Ermak · wall_segment Palisade Wall x1 |
| 20:06 | [YOBA]Ermak · wall_segment Palisade Wall x2 |
| 22:53 | [YOBA]Ermak · wall_segment Palisade Wall x1 |
| 24:08 | [YOBA] ♂️CUM♂️BACK · age_up castle |
| 24:38 | [YOBA]Ermak · wall_segment Palisade Wall x1 |
| 25:01 | [YOBA]Ermak · first_market_sell 100 wood |
| 25:49 | LMG_Leonardo · age_up castle |
| 26:08 | LMG_Leonardo · first_building Siege Workshop |
| 26:30 | LMG_Leonardo · first_market_buy 100 food |
| 26:32 | LMG_Leonardo · first_market_sell 100 wood |
| 27:48 | LMG_Leonardo · tribute_sent a jugador 2 |
| 27:48 | LMG_Leonardo · tribute_sent a jugador 3 |
| 27:48 | LMG_Leonardo · tribute_sent a jugador 4 |
| 29:13 | [YOBA]Ermak · wall_segment Palisade Wall x3 |
| 29:42 | [YOBA]Ermak · wall_segment Palisade Wall x1 |
| 31:24 | LMG_HERA DE TEMU · resign |
| 32:19 | [YOBA]Ermak · wall_segment Palisade Wall x1 |
[ AI ANALYSIS · 1 CREDIT ]
What really happened in this match?
Wolo.gg analyzes every decision: build order, eco, micro, common mistakes by bracket. Personalized analysis on WhatsApp or Discord in 30 seconds.
Civ guide
Malians
Perfil
Jugador #12168959